[Event "Titled Tuesday Blitz March 01 Late 2022"]
[White "Renjith, Sravan"]
[Black "Kanyamarala, Tarun"]
[WhiteFideId "4306783"]
[BlackFideId "45004714"]
[WhiteElo "1863"]
[BlackElo "2144"]
[Result "1-0"]
[Round "08"]
[TimeControl "180+1"]
[Date "2022.03.02"]
[WhiteClock "0:00:04"]
[BlackClock "0:00:05"]

1. Nf3 d5 2. d4 Nf6 3. c4 e6 4. Nc3 Bb4 5. cxd5 exd5 6. g3 O-O 7. Bg2 h6 8. O-O c6 9. Ne5 Nbd7 10. f4 Re8 11. Qb3 Bd6 12. e4 Nb6 13. a4 Be6 14. f5 Bc8 15. a5 Nbd7 16. Nxd7 Nxd7 17. e5 Bf8 18. Bf4 Rb8 19. e6 fxe6 20. fxe6 Rxe6 21. Nxd5 Kh8 22. Nc7 Rf6 23. Ne6 Qe7 24. Nxf8 Rxf8 25. Bxb8 Nxb8 26. Rxf8+ Qxf8 27. Rf1 Qe7 28. Qc3 Na6 29. d5 c5 30. Re1 Qd7 31. Qe5 Nc7 32. d6 Ne6 33. Bxb7 Bxb7 34. Qxe6 Qc6 35. Qe8+ Qxe8 36. Rxe8+ 1-0


[Site "https://www.chess.com"]

[Event "Titled Tuesday Blitz March 01 Late 2022"]
[White "Riazantsev, Alexander"]
[Black "Kevlishvili, Robby"]
[WhiteFideId "4125029"]
[BlackFideId "1040634"]
[WhiteElo "2595"]
[BlackElo "2584"]
[Result "1-0"]
[Round "08"]
[TimeControl "180+1"]
[Date "2022.03.01"]
[WhiteClock "0:00:05"]
[BlackClock "0:00:01"]

1. d4 Nf6 2. c4 e6 3. Nf3 d5 4. Qc2 a6 5. cxd5 exd5 6. Bg5 Bd6 7. e3 Be6 8. Bd3 Nbd7 9. O-O c6 10. Bf4 Qb8 11. Bxd6 Qxd6 12. Nbd2 O-O 13. Nb3 Bg4 14. Nfd2 Bh5 15. f3 Rfe8 16. Rae1 a5 17. a4 Qb4 18. e4 dxe4 19. fxe4 Bg6 20. Qc3 Qxa4 21. Ra1 Qb4 22. Rxa5 Qb6 23. Rxa8 Rxa8 24. h3 Re8 25. Re1 Nh5 26. Qa5 Nf4 27. Bf1 Qd8 28. Qxd8 Rxd8 29. Ra1 Nf6 30. e5 N6d5 31. Ra7 b6 32. Nc4 Ne6 33. Nd6 h5 34. Bc4 Ndf4 35. Rb7 b5 36. Bxe6 Nxe6 37. Ra7 Bc2 38. Nc5 Nxc5 39. dxc5 Bb3 40. h4 Bd5 41. Kf2 Rf8 42. Re7 Kh7 43. g3 Kg6 44. Ra7 f6 45. e6 Bxe6 46. Ke3 Bd5 47. Kf4 Bf7 48. Rc7 Bd5 49. Nf5 Bf7 50. Ne7+ Kh6 51. Nxc6 Be6 52. Nd4 g5+ 53. Ke3 Bg4 54. Re7 Kg6 55. c6 Rc8 56. c7 f5 57. Nxb5 f4+ 58. gxf4 1-0


[Site "https://www.chess.com"]

[Event "Titled Tuesday Blitz March 01 Late 2022"]
[White "Riehle, Marco"]
[Black "Gelman, Alexander"]
[WhiteFideId "12904392"]
[BlackFideId "4118316"]
[WhiteElo "2462"]
[BlackElo "2375"]
[Result "0-1"]
[Round "08"]
[TimeControl "180+1"]
[Date "2022.03.01"]
[WhiteClock "0:02:16"]
[BlackClock "0:02:08"]

1. d4 Nf6 2. Nf3 c5 3. e3 d6 4. Bd3 Nbd7 5. O-O e6 6. Nbd2 b6 7. c3 Bb7 8. e4 cxd4 9. cxd4 Be7 10. Re1 O-O 11. Nf1 Rc8 12. Ng3 Qc7 13. h3 Qb8 14. Bg5 h6 15. Bh4 Rfe8 16. e5 dxe5 17. dxe5 Bxf3 18. Qxf3 Nxe5 19. Qe3 Nxd3 20. Qxd3 g5 21. Ne4 gxh4 22. Nxf6+ Bxf6 23. Qf3 0-1


[Site "https://www.chess.com"]

[Event "Titled Tuesday Blitz March 01 Late 2022"]
[White "Rosen, Eric"]
[Black "Holt, Conrad"]
[WhiteFideId "2032562"]
[BlackFideId "2034387"]
[WhiteElo "2362"]
[BlackElo "2586"]
[Result "0-1"]
[Round "08"]
[TimeControl "180+1"]
[Date "2022.03.01"]
[WhiteClock "0:00:01"]
[BlackClock "0:00:42"]

1. d4 d5 2. Bf4 c5 3. e3 Nc6 4. Nf3 e6 5. Nbd2 Bd6 6. Bg3 Nge7 7. Bxd6 Qxd6 8. dxc5 Qxc5 9. c4 O-O 10. Rc1 d4 11. exd4 Nxd4 12. Bd3 Rd8 13. O-O Ng6 14. Bxg6 hxg6 15. Nxd4 Qxd4 16. Nf3 Qf6 17. Qc2 b6 18. Qc3 Bb7 19. b4 Bxf3 20. Qxf3 Qxf3 21. gxf3 Rd2 22. Rfd1 Rxa2 23. c5 bxc5 24. bxc5 Rb2 25. c6 Rbb8 26. Rd7 a5 27. Rb7 Rc8 28. c7 a4 29. Rc2 a3 30. Ra2 Kf8 31. Kg2 Ke7 32. Rb3 Rxc7 33. Rbxa3 Rxa3 34. Rxa3 Kf6 35. Ra5 Rd7 36. Rb5 Rd5 37. Rb4 Rg5+ 38. Kf1 Kf5 39. h4 Rh5 40. Kg2 Kf6 41. Kg3 Rd5 42. Rf4+ Ke7 43. Ra4 Rd3 44. Ra7+ Kf6 45. Ra4 e5 46. Rb4 Kf5 47. Rg4 Rd4 48. Rg5+ Kf6 49. Kh3 Rf4 50. Kg3 Ke6 51. h5 Rf5 52. hxg6 Rxg5+ 53. Kh4 Rxg6 0-1


[Site "https://www.chess.com"]

[Event "Titled Tuesday Blitz March 01 Late 2022"]
[White "Rudykh, Stepan"]
[Black "Ardila, Oscar Humberto"]
[WhiteFideId "4180321"]
[BlackFideId "4404742"]
[WhiteElo "2121"]
[BlackElo "1898"]
[Result "1-0"]
[Round "08"]
[TimeControl "180+1"]
[Date "2022.03.02"]
[WhiteClock "0:00:15"]
[BlackClock "0:00:31"]

1. e4 e5 2. Nf3 Nc6 3. Bb5 Nf6 4. O-O Nxe4 5. d4 Nd6 6. Bxc6 dxc6 7. dxe5 Nf5 8. Qxd8+ Kxd8 9. Nc3 Bb4 10. Ne2 h5 11. h3 Ke8 12. Nf4 Bd7 13. Ng5 Be7 14. Ne4 Nd4 15. c3 Nc2 16. Rb1 Bf5 17. Ng3 Bh7 18. Ngxh5 Kf8 19. g4 Rd8 20. Ng3 Na3 21. Ra1 Nc2 22. Rb1 Nd4 23. Ra1 Nf3+ 24. Kg2 Nh4+ 25. Kh1 g5 26. Nfh5 Bg6 27. Be3 Nf3 28. Rad1 Nxe5 29. Rxd8+ Bxd8 30. Bd4 f6 31. f4 gxf4 32. Rxf4 Nd3 33. Rf3 Ne1 34. Rf1 Nd3 35. Bxf6 Bxh5 36. Bxh8+ Kg8 37. Bd4 Bf7 38. Nf5 Bd5+ 39. Kg1 Bg5 40. h4 Bf4 41. g5 c5 42. Ne7+ Kh7 43. Nxd5 cxd4 44. Nxf4 Ne5 45. Ne6 Kg6 46. Rf6+ Kh5 47. Nf4+ Kg4 48. Ng6 Nf3+ 49. Kf2 Nxh4 50. Nxh4 Kxg5 51. Rf7 d3 52. Rxc7 Kxh4 53. Rd7 d2 54. Rxd2 Kg5 55. Rd7 Kf6 56. Rxb7 Ke6 57. Rxa7 Kd5 58. Ra6 Kc4 59. Rh6 Kd3 60. Rh3+ Kc2 61. c4 Kb1 62. c5 Kxa2 63. c6 Kb1 64. c7 Ka2 65. b4 Kb1 66. b5 Ka2 67. b6 Kb1 68. b7 Ka2 69. Rf3 Kb1 70. Kg3 Ka2 71. Kf4 Kb1 72. Rf2 Ka1 73. Ke3 Kb1 74. Kd3 Ka1 75. Kc3 Kb1 76. c8=Q Kc1 77. Rf1# 1-0


[Site "https://www.chess.com"]

[Event "Titled Tuesday Blitz March 01 Late 2022"]
[White "Rudzinska, Michalina"]
[Black "Nilsen, Tobias Lang"]
[WhiteFideId "1172883"]
[BlackFideId "1521624"]
[WhiteElo "1904"]
[BlackElo "2013"]
[Result "1-0"]
[Round "08"]
[TimeControl "180+1"]
[Date "2022.03.02"]
[WhiteClock "0:00:20"]
[BlackClock "0:01:00"]

1. e4 f5 2. exf5 Kf7 3. Bc4+ d5 4. Bb3 g6 5. fxg6+ Kg7 6. gxh7 Rxh7 7. Nf3 Nc6 8. d4 Bg4 9. h3 Nf6 10. Bf4 Qd7 11. c3 Re8 12. Bc2 Rh8 13. Qd3 Bh5 14. Ne5 Nxe5 15. Bxe5 c5 16. Nd2 c4 17. Qg3+ Kf7 18. Nf3 Bh6 19. Bf4 Bxf3 20. Qxf3 Reg8 21. Bxh6 Rxh6 22. O-O-O b5 23. g4 a5 24. Qe3 Rhh8 25. Rde1 b4 26. Bf5 Qd6 27. Be6+ Kf8 28. Bxg8 Rxg8 29. Qe5 Qd7 30. Qf5 Qa4 31. Kb1 bxc3 32. g5 c2+ 33. Ka1 c3 34. gxf6 cxb2+ 35. Kxb2 Qb4+ 36. Kxc2 Qc4+ 37. Kd2 Qxd4+ 38. Qd3 Qxf2+ 39. Kc1 Qc5+ 40. Qc2 Qa3+ 41. Qb2 Qc5+ 42. Kb1 1-0


[Site "https://www.chess.com"]

[Event "Titled Tuesday Blitz March 01 Late 2022"]
[White "Ruiz Aguilar, Pablo Alexander"]
[Black "Hamley, Ryan"]
[WhiteFideId "4401352"]
[BlackFideId "30959497"]
[WhiteElo "2125"]
[BlackElo "2591"]
[Result "1-0"]
[Round "08"]
[TimeControl "180+1"]
[Date "2022.03.02"]
[WhiteClock "0:01:03"]
[BlackClock "0:01:19"]

1. e4 c6 2. d4 g6 3. Nf3 Bg7 4. Bd3 d5 5. e5 Bg4 6. c3 e6 7. h3 Bxf3 8. Qxf3 h6 9. O-O Ne7 10. Nd2 Nd7 11. Re1 c5 12. Nf1 Nc6 13. Be3 cxd4 14. cxd4 Qb6 15. Qg4 O-O-O 16. Rab1 Kb8 17. b4 Rc8 18. a3 Bf8 19. Rec1 Be7 20. Nd2 h5 21. Qf4 Rhf8 22. Nb3 Ka8 23. Nc5 Ndb8 24. Qf3 f6 25. Nxe6 Nxe5 26. dxe5 Qxe6 27. Rxc8 Rxc8 28. Bxg6 Qxe5 29. Qxh5 Rc3 30. Qg4 Rxa3 31. Bf4 Qd4 32. Rd1 Ra1 33. Rxa1 Qxa1+ 34. Kh2 Qd4 35. b5 a6 36. bxa6 Nxa6 37. Qc8+ Ka7 38. Be3 Bd6+ 39. Kh1 1-0


[Site "https://www.chess.com"]

[Event "Titled Tuesday Blitz March 01 Late 2022"]
[White "Rustemov, Alexander"]
[Black "Hua, Lefong"]
[WhiteFideId "4119002"]
[BlackFideId "2602253"]
[WhiteElo "2778"]
[BlackElo "2608"]
[Result "1-0"]
[Round "08"]
[TimeControl "180+1"]
[Date "2022.03.01"]
[WhiteClock "0:01:12"]
[BlackClock "0:01:06"]

1. d4 Nf6 2. c4 g6 3. Nf3 Bg7 4. g3 O-O 5. Bg2 d6 6. Nc3 Nc6 7. O-O a6 8. h3 Rb8 9. e4 b5 10. d5 Na5 11. cxb5 axb5 12. b4 Nc4 13. Nd4 Bd7 14. a4 bxa4 15. b5 e5 16. Nc6 Bxc6 17. dxc6 Nb6 18. Be3 Ne8 19. Qd3 f5 20. Bxb6 Rxb6 21. Rxa4 Rb8 22. Ra7 Kh8 23. Nd5 Ra8 24. Rfa1 Rxa7 25. Rxa7 fxe4 26. Bxe4 Bh6 27. b6 cxb6 28. c7 Nxc7 29. Rxc7 Qg5 30. Kg2 Bg7 31. Rb7 Qd8 32. Rxb6 Bh6 33. Rb7 Bg7 34. h4 Qc8 35. Rc7 Qb8 36. Qe2 Qd8 37. h5 Qg5 38. hxg6 hxg6 39. Ne7 1-0


[Site "https://www.chess.com"]

[Event "Titled Tuesday Blitz March 01 Late 2022"]
[White "Saraci, Nderim"]
[Black "Nakamura, Hikaru"]
[WhiteFideId "6351921"]
[BlackFideId "2016192"]
[WhiteElo "2573"]
[BlackElo "2850"]
[Result "0-1"]
[Round "08"]
[TimeControl "180+1"]
[Date "2022.03.01"]
[WhiteClock "0:00:18"]
[BlackClock "0:00:49"]

1. d4 g6 2. Nf3 Bg7 3. g3 d6 4. Bg2 Bd7 5. O-O Qc8 6. h4 h6 7. c4 Bh3 8. Nc3 g5 9. Re1 Nc6 10. Be3 Nf6 11. Nd5 Bxg2 12. Kxg2 g4 13. Nxf6+ Bxf6 14. Nh2 Qf5 15. d5 Ne5 16. Rc1 c5 17. Bf4 Ng6 18. e3 h5 19. Qa4+ Kf8 20. Qc2 Qxc2 21. Rxc2 b5 22. cxb5 Kg7 23. a4 Rhb8 24. f3 gxf3+ 25. Nxf3 a6 26. e4 axb5 27. e5 dxe5 28. Nxe5 Nxf4+ 29. gxf4 bxa4 30. Nc6 Rxb2 31. Rxb2 Bxb2 0-1


[Site "https://www.chess.com"]

[Event "Titled Tuesday Blitz March 01 Late 2022"]
[White "Stanisz, Patryk"]
[Black "Balint, Vilmos"]
[WhiteFideId "1123106"]
[BlackFideId "718050"]
[WhiteElo "1876"]
[BlackElo "2059"]
[Result "0-1"]
[Round "08"]
[TimeControl "180+1"]
[Date "2022.03.02"]
[WhiteClock "0:01:22"]
[BlackClock "0:01:55"]

1. Nf3 f5 2. d4 Nf6 3. g3 g6 4. Bg2 Bg7 5. O-O O-O 6. c4 d6 7. Nc3 Nc6 8. d5 Ne5 9. Nd2 c5 10. Rb1 h6 11. h4 g5 12. hxg5 hxg5 13. b3 Qe8 14. Re1 Qh5 15. Nf1 Kf7 16. e4 Neg4 17. f3 Ne5 18. exf5 Bxf5 19. Ne4 Nxe4 20. fxe4 Bg4 21. Qd2 Bf6 22. Ne3 Bf3 23. Qf2 Bxg2 24. Kxg2 Rh8 25. Bb2 Qh3+ 0-1


[Site "https://www.chess.com"]

[Event "Titled Tuesday Blitz March 01 Late 2022"]
[White "Stankovic, Ivan G"]
[Black "Arabidze, Meri"]
[WhiteFideId "902837"]
[BlackFideId "13604040"]
[WhiteElo "2195"]
[BlackElo "2329"]
[Result "1-0"]
[Round "08"]
[TimeControl "180+1"]
[Date "2022.03.02"]
[WhiteClock "0:00:04"]
[BlackClock "0:00:02"]

1. e4 c5 2. c4 e6 3. Nc3 Nc6 4. g3 Nd4 5. Bg2 Ne7 6. d3 Nec6 7. Nge2 a6 8. O-O Be7 9. Rb1 O-O 10. a3 b6 11. e5 Rb8 12. Nxd4 cxd4 13. Ne2 Nxe5 14. Nxd4 Bb7 15. Bf4 f6 16. Nf3 Bd6 17. Bxe5 fxe5 18. d4 exd4 19. Nxd4 Bxg2 20. Kxg2 Qf6 21. b4 Rbd8 22. Qd3 Bc7 23. f4 d5 24. c5 Rde8 25. Rbe1 a5 26. c6 axb4 27. axb4 Bd6 28. b5 Bc5 29. Nf3 Ra8 30. Ne5 Qh6 31. Ra1 Qh5 32. Nd7 Rfc8 33. Nxc5 bxc5 34. b6 c4 35. Rxa8 Rxa8 36. b7 Ra2+ 37. Rf2 Rxf2+ 38. Kxf2 Qxh2+ 39. Ke1 cxd3 40. b8=Q+ Kf7 41. Qc7+ Kg6 42. Qe5 Qxg3+ 43. Kd2 Qf2+ 44. Kxd3 Qf3+ 45. Kd2 Qg2+ 46. Kc3 Qf3+ 47. Kb4 Qd1 48. Kc5 Qc2+ 49. Kd6 d4 50. Qxd4 Qc1 51. Qe5 h5 52. Qxe6+ Kh7 53. Qe4+ g6 54. c7 h4 55. Qe7+ Kh6 56. Qxh4+ Kg7 57. Qe7+ Kh6 58. Qe5 Qc2 59. Qc5 Qd3+ 60. Ke7 Qe4+ 61. Kd8 Qd3+ 62. Kc8 Qe4 63. Qg5+ Kg7 64. Qe5+ 1-0


[Site "https://www.chess.com"]

[Event "Titled Tuesday Blitz March 01 Late 2022"]
[White "Steenbekkers, Franck"]
[Black "Yordanov, Nikolay Plamenov"]
[WhiteFideId "1004220"]
[BlackFideId "2907445"]
[WhiteElo "2191"]
[BlackElo "2248"]
[Result "1/2-1/2"]
[Round "08"]
[TimeControl "180+1"]
[Date "2022.03.02"]
[WhiteClock "0:00:20"]
[BlackClock "0:00:54"]

1. e4 e5 2. Nf3 Nc6 3. Bb5 f5 4. Nc3 fxe4 5. Nxe4 Nf6 6. Nxf6+ Qxf6 7. O-O Be7 8. Bxc6 bxc6 9. Re1 d6 10. d4 O-O 11. dxe5 dxe5 12. Bg5 Qf7 13. Bxe7 Qxe7 14. Rxe5 Qf6 15. Qd4 Bh3 16. Re3 Qg6 17. Qc4+ Kh8 18. Nh4 Qf6 19. Rxh3 Qxf2+ 20. Kh1 Rf6 21. Rf3 Rxf3 22. Nxf3 Rd8 23. h3 Rd2 24. Rg1 Rxc2 25. Qf7 h6 26. Qf8+ Kh7 27. Qf5+ Kh8 28. Qc8+ Kh7 29. Qxc7 Rxb2 30. Qf4 Rxa2 31. Qf5+ Kh8 32. Qf8+ Kh7 33. Qf5+ Kh8 34. Qf8+ Kh7 35. Qf5+ 1/2-1/2


[Site "https://www.chess.com"]

[Event "Titled Tuesday Blitz March 01 Late 2022"]
[White "Suarez Uriel, Adrian"]
[Black "Shuvalova, Polina"]
[WhiteFideId "22230874"]
[BlackFideId "24171760"]
[WhiteElo "2316"]
[BlackElo "2355"]
[Result "1-0"]
[Round "08"]
[TimeControl "180+1"]
[Date "2022.03.01"]
[WhiteClock "0:00:08"]
[BlackClock "0:00:02"]

1. e4 c5 2. Ne2 d6 3. g3 Nc6 4. Bg2 g6 5. c3 Bg7 6. d4 cxd4 7. cxd4 Nf6 8. O-O O-O 9. Nbc3 Bd7 10. h3 Rc8 11. Be3 Na5 12. b3 Nc6 13. Qd2 a6 14. Rac1 b5 15. f4 Qa5 16. e5 Ne8 17. Rfd1 Nc7 18. Qb2 b4 19. Na4 Nd5 20. Bf2 e6 21. exd6 Rfd8 22. Nc5 Qb5 23. Bf3 Be8 24. Ne4 f5 25. Nc5 Rxd6 26. Kg2 Nf6 27. a4 bxa3 28. Qxa3 Rcd8 29. Qxa6 Qb8 30. Qc4 Na5 31. Qc2 Bc6 32. Bxc6 Nxc6 33. Nc3 Nb4 34. Qe2 Nbd5 35. Nxd5 Nxd5 36. Re1 Nf6 37. Nxe6 Re8 38. Qc4 Qa8+ 39. Kg1 Nd5 40. Nxg7 Rxe1+ 41. Rxe1 Kxg7 42. h4 Qb7 43. h5 Nf6 44. d5 Rxd5 45. Bd4 Qd7 46. h6+ Kf7 47. Re5 Kf8 48. Rxd5 Nxd5 49. Be5 Ne7 50. Qd4 Qb7 51. Bd6 Qxb3 52. Qg7+ Ke8 53. Qxe7# 1-0


[Site "https://www.chess.com"]

[Event "Titled Tuesday Blitz March 01 Late 2022"]
[White "Suleymanli, Aydin"]
[Black "Sarana, Alexey"]
[WhiteFideId "13413937"]
[BlackFideId "24133795"]
[WhiteElo "2529"]
[BlackElo "2665"]
[Result "0-1"]
[Round "08"]
[TimeControl "180+1"]
[Date "2022.03.01"]
[WhiteClock "0:00:34"]
[BlackClock "0:00:34"]

1. d4 Nf6 2. c4 e6 3. Nc3 Bb4 4. e3 O-O 5. Ne2 d5 6. a3 Be7 7. cxd5 exd5 8. b4 a5 9. b5 Bf5 10. f3 Re8 11. g4 Bg6 12. h4 h6 13. h5 Bh7 14. Nf4 Bd6 15. Kf2 c5 16. Bd3 cxd4 17. Bxh7+ Nxh7 18. Qxd4 Be5 19. Qd2 Nd7 20. Nfxd5 Nc5 21. Rb1 Ng5 22. Kg2 Bxc3 23. Nxc3 Qf6 24. Rf1 Rad8 25. Qc2 Nd3 26. e4 Nxf3 27. Be3 Nde5 28. Nd5 Qh4 29. Rxf3 Nxf3 30. Kxf3 Qh3+ 31. Ke2 Rxd5 0-1


[Site "https://www.chess.com"]

[Event "Titled Tuesday Blitz March 01 Late 2022"]
[White "Tanenbaum, Zachary"]
[Black "Yurtseven, Melih"]
[WhiteFideId "2060850"]
[BlackFideId "6312160"]
[WhiteElo "2168"]
[BlackElo "2160"]
[Result "1-0"]
[Round "08"]
[TimeControl "180+1"]
[Date "2022.03.01"]
[WhiteClock "0:00:08"]
[BlackClock "0:00:09"]

1. e4 c6 2. d4 d5 3. exd5 cxd5 4. Bd3 Nc6 5. c3 Nf6 6. Bf4 e6 7. Nf3 Be7 8. O-O Bd7 9. Nbd2 Nh5 10. Be3 g6 11. Ne5 Nxe5 12. dxe5 O-O 13. Nf3 b5 14. Qd2 a5 15. Nd4 Rb8 16. f4 Ng7 17. Rac1 h5 18. Rfd1 Qc7 19. Qe2 Bc5 20. Kh1 Qb6 21. Bf2 b4 22. Bh4 bxc3 23. bxc3 Rfc8 24. Rb1 Qa7 25. Rxb8 Rxb8 26. Bf6 Ba4 27. Rf1 Bxd4 28. cxd4 Qxd4 29. h3 Rb2 30. Qf3 Nf5 31. Bxf5 exf5 32. Qg3 Bc2 33. Qg5 Be4 34. Rg1 Qe3 35. Kh2 Qf3 36. e6 Re2 37. e7 Bc2 38. e8=Q+ Rxe8 39. gxf3 1-0


[Site "https://www.chess.com"]

[Event "Titled Tuesday Blitz March 01 Late 2022"]
[White "Thavandiran, Shiyam"]
[Black "Melkumyan, Hrant"]
[WhiteFideId "2605058"]
[BlackFideId "13302485"]
[WhiteElo "2357"]
[BlackElo "2604"]
[Result "1-0"]
[Round "08"]
[TimeControl "180+1"]
[Date "2022.03.01"]
[WhiteClock "0:00:03"]
[BlackClock "0:00:02"]

1. e4 c6 2. d4 d5 3. Nd2 dxe4 4. Nxe4 Nf6 5. Nxf6+ exf6 6. c3 Bd6 7. Bd3 O-O 8. Qc2 Re8+ 9. Ne2 h5 10. O-O Nd7 11. Ng3 h4 12. Nf5 Nf8 13. Nxh4 Qc7 14. h3 g6 15. Bh6 Be6 16. Rae1 a5 17. a3 b5 18. Qd2 Bd5 19. Rxe8 Rxe8 20. Re1 Rxe1+ 21. Qxe1 Ne6 22. Bd2 Bh2+ 23. Kf1 Bf4 24. g3 Bxd2 25. Qxd2 c5 26. Bxb5 cxd4 27. cxd4 Qb6 28. Be2 Nxd4 29. Ng2 Bc6 30. Ne3 a4 31. h4 Qa7 32. Bc4 Be4 33. Qb4 Kg7 34. Qd6 Nf3 35. Ng4 f5 36. Qf6+ Kh7 37. Nh6 Nd2+ 38. Ke2 Nxc4 39. Nxf7 1-0


[Site "https://www.chess.com"]

[Event "Titled Tuesday Blitz March 01 Late 2022"]
[White "Tomb, Maroun"]
[Black "Cardoso Cardoso, Jose Gabriel"]
[WhiteFideId "5300398"]
[BlackFideId "4430492"]
[WhiteElo "2568"]
[BlackElo "2451"]
[Result "0-1"]
[Round "08"]
[TimeControl "180+1"]
[Date "2022.03.01"]
[WhiteClock "0:00:16"]
[BlackClock "0:00:02"]

1. e4 g6 2. Nc3 Bg7 3. Nge2 c5 4. d4 cxd4 5. Nxd4 Nc6 6. Nde2 Nf6 7. g3 b5 8. Bg2 b4 9. Nd5 Rb8 10. O-O d6 11. h3 O-O 12. a3 a5 13. axb4 axb4 14. Be3 Nd7 15. Nd4 Nxd4 16. Bxd4 Ne5 17. b3 Be6 18. f4 Bxd5 19. exd5 Nd7 20. Bxg7 Kxg7 21. Qd4+ Kg8 22. Rfe1 Rc8 23. Re2 Rc5 24. Qxb4 Nf6 25. Qd4 Qc7 26. c4 Re8 27. Re3 h5 28. Bf1 Qb6 29. Ra4 Qb7 30. b4 Rc7 31. c5 dxc5 32. bxc5 Nxd5 33. Re1 Qc6 34. Bg2 e6 35. Bxd5 exd5 36. Rxe8+ Qxe8 37. Qxd5 Qe1+ 38. Kg2 Qe2+ 39. Kg1 Re7 40. Ra8+ Kh7 41. Ra1 Re3 42. Qg2 Qd3 43. Kh2 Re2 44. Rg1 Rxg2+ 45. Rxg2 Qc3 46. f5 Qxc5 47. fxg6+ fxg6 48. Rg1 Kh6 49. Rg2 h4 50. gxh4 Qe5+ 51. Kh1 Qe1+ 52. Kh2 Qxh4 53. Rg4 Qf2+ 54. Rg2 Qf4+ 55. Kh1 g5 56. Rg4 Qf3+ 57. Kh2 Kg6 58. Rg2 Kf5 59. Rg4 Qf2+ 60. Rg2 Qe1 61. Rg4 Qe3 62. Kg2 Qd2+ 63. Kg1 Qe2 64. Kh1 Qf2 65. Rg2 Qf1+ 66. Kh2 Kf4 67. Rg4+ Kf3 68. Rxg5 Qe2+ 69. Kh1 Qe1+ 70. Kh2 Qd2+ 71. Kh1 Qxg5 0-1


[Site "https://www.chess.com"]

[Event "Titled Tuesday Blitz March 01 Late 2022"]
[White "Toncheva, Nadya"]
[Black "Romanchuk, Viktor"]
[WhiteFideId "2924056"]
[BlackFideId "14109271"]
[WhiteElo "1920"]
[BlackElo "2242"]
[Result "0-1"]
[Round "08"]
[TimeControl "180+1"]
[Date "2022.03.02"]
[WhiteClock "0:01:38"]
[BlackClock "0:01:27"]

1. e4 e6 2. d4 d5 3. Nd2 dxe4 4. Nxe4 Nd7 5. Nf3 Ngf6 6. Bd3 c5 7. O-O Nxe4 8. Bxe4 Nf6 9. Be3 Nxe4 10. Qd3 Nf6 11. Rad1 Be7 12. Qb3 O-O 13. dxc5 Qc7 14. Qc4 Bd7 15. b4 a6 16. Bf4 Qc8 17. Qd4 Rd8 18. Qe5 Nd5 19. Bd2 Bf6 20. Qg3 Qc7 21. Qh3 Ba4 22. Rc1 Nf4 23. Qg4 Ne2+ 24. Kh1 Nxc1 25. Rxc1 Bc6 26. Bf4 Bxf3 27. Qxf3 Qc6 28. Qg3 Rd4 29. h4 Rxb4 30. h5 Qe4 31. Bd2 Qh4+ 0-1


[Site "https://www.chess.com"]

[Event "Titled Tuesday Blitz March 01 Late 2022"]
[White "Vargas Pereda, Jesus Manue"]
[Black "Bon, Michael"]
[WhiteFideId "5115710"]
[BlackFideId "620696"]
[WhiteElo "1772"]
[BlackElo "2358"]
[Result "0-1"]
[Round "08"]
[TimeControl "180+1"]
[Date "2022.03.02"]
[WhiteClock "0:00:03"]
[BlackClock "0:00:05"]

1. d4 Nf6 2. Bf4 c5 3. e3 g6 4. Nf3 Bg7 5. Be2 b6 6. h3 Bb7 7. Nbd2 d6 8. O-O Nbd7 9. c4 cxd4 10. exd4 O-O 11. Rc1 Ne4 12. Nxe4 Bxe4 13. Bd3 Bxf3 14. Qxf3 Bxd4 15. b3 Ne5 16. Bxe5 Bxe5 17. Be4 Rc8 18. Rfd1 Qc7 19. Bd5 Bf6 20. Qg4 Qc5 21. h4 h5 22. Qxg6+ Bg7 23. Qxh5 Rc7 24. Qg4 e6 25. Be4 f5 26. Qg6 fxe4 27. Qxe6+ Kh8 28. Rc2 Rcf7 29. Rd5 Qb4 30. Qxe4 Rf4 31. Rh5+ Kg8 32. Qd5+ R4f7 33. Rg5 Qe1+ 34. Kh2 Kh8 35. Rh5+ Kg8 36. Rf5 Be5+ 37. g3 Kg7 38. Rg5+ Kh8 39. Rh5+ Rh7 40. Rxh7+ Kxh7 41. Qd3+ Kg7 42. Qd2 Qxd2 43. Rxd2 Rd8 44. Kg2 Bf6 45. f4 Kf7 46. Kf3 Ke6 47. h5 Bc3 48. Re2+ Kf7 49. g4 Rf8 50. g5 Kg7 51. Kg4 Bd4 52. f5 Be5 53. h6+ Kf7 54. Kh5 Rh8 55. g6+ Kf6 56. g7 Rg8 57. h7 Kxg7 58. hxg8=Q+ Kxg8 59. Rg2+ Kf7 60. Rg6 Kf8 61. Kg5 Kf7 62. Re6 Kf8 63. Kg6 a6 64. a4 a5 0-1


[Site "https://www.chess.com"]

[Event "Titled Tuesday Blitz March 01 Late 2022"]
[White "Vifleemskaia, Svetlana"]
[Black "Bibasa, Bob"]
[WhiteFideId "4129490"]
[BlackFideId "10000240"]
[WhiteElo "1901"]
[BlackElo "2056"]
[Result "0-1"]
[Round "08"]
[TimeControl "180+1"]
[Date "2022.03.02"]
[WhiteClock "0:00:06"]
[BlackClock "0:00:38"]

1. d4 Nf6 2. c4 e6 3. Nc3 Bb4 4. e3 b6 5. Ne2 Bb7 6. a3 Be7 7. d5 O-O 8. g3 d6 9. Bg2 e5 10. O-O Nbd7 11. b4 a5 12. Bd2 g6 13. e4 Nh5 14. Bf3 Ng7 15. Bh6 Bg5 16. Bxg5 Qxg5 17. Qc1 Qe7 18. Bg2 f5 19. f3 f4 20. Qd2 g5 21. g4 h5 22. h3 hxg4 23. hxg4 Kf7 24. Kf2 Rh8 25. Rh1 Qf6 26. Nb5 axb4 27. axb4 Rxa1 28. Rxa1 Rh2 29. Rh1 Qh6 30. Rxh2 Qxh2 31. Nxc7 Nf6 32. Nb5 Ke7 33. Qe1 Qh4+ 34. Kf1 Nxg4 35. fxg4 Qxg4 36. Qf2 Bc8 37. Nxd6 Kxd6 38. Qxb6+ Ke7 39. Qg6 Kf8 40. Qf6+ Kg8 41. Qd8+ Kh7 42. Qf8 Qh4 43. Qf6 Bg4 44. d6 Bxe2+ 45. Kxe2 Qg3 46. Kf1 g4 47. d7 Qd3+ 48. Kf2 g3+ 49. Kg1 Qd4+ 50. Kh1 Qd1+ 0-1


[Site "https://www.chess.com"]

[Event "Titled Tuesday Blitz March 01 Late 2022"]
[White "Voit, Daria"]
[Black "Garriga Cazorla, Pere"]
[WhiteFideId "4182146"]
[BlackFideId "32011601"]
[WhiteElo "2323"]
[BlackElo "2458"]
[Result "0-1"]
[Round "08"]
[TimeControl "180+1"]
[Date "2022.03.01"]
[WhiteClock "0:00:01"]
[BlackClock "0:00:17"]

1. Nf3 c5 2. e4 d6 3. Bb5+ Nd7 4. Ba4 Nf6 5. e5 dxe5 6. Nxe5 e6 7. O-O Be7 8. d4 O-O 9. Bf4 Nxe5 10. dxe5 Nd5 11. Bg3 Nb6 12. c3 Nxa4 13. Qxa4 Bd7 14. Qf4 Bc6 15. Na3 Qd5 16. f3 Rad8 17. Bf2 b5 18. Nc2 Qd2 19. Qxd2 Rxd2 20. Rac1 Bg5 21. Bxc5 Rfd8 22. Bd4 a5 23. Rfd1 Re2 24. Re1 Bxc1 25. Rxe2 Bxb2 26. Ne1 Ba3 27. Rc2 Bd5 28. Kf2 Rc8 29. Ke3 Be7 30. g3 b4 31. cxb4 Rxc2 32. Nxc2 axb4 33. Bb2 Bxa2 34. Nd4 Bd5 35. f4 Kf8 36. Kd3 Ke8 37. Nb5 Kd7 38. Bd4 f6 39. exf6 gxf6 40. h4 Kc6 41. Na7+ Kd7 42. Nb5 Bg2 43. Ke2 Kc6 44. Na7+ Kd5 45. Be3 Bc5 46. Nb5 Kc4 47. Nc7 e5 48. fxe5 fxe5 49. Ne6 Bd6 0-1


[Site "https://www.chess.com"]

[Event "Titled Tuesday Blitz March 01 Late 2022"]
[White "Yedidia, Daniel"]
[Black "Medeiros Jr, Francisco De Assis"]
[WhiteFideId "30905907"]
[BlackFideId "2114267"]
[WhiteElo "2480"]
[BlackElo "1998"]
[Result "1-0"]
[Round "08"]
[TimeControl "180+1"]
[Date "2022.03.02"]
[WhiteClock "0:00:42"]
[BlackClock "0:00:03"]

1. d4 d5 2. c4 e6 3. Nc3 a6 4. Bf4 dxc4 5. a4 Nc6 6. e3 Na5 7. Nf3 Bb4 8. Ne5 Nf6 9. Nxc4 c5 10. Nd6+ Kf8 11. dxc5 Bxc5 12. Nxc8 Rxc8 13. Qxd8+ Rxd8 14. Bc7 Nb3 15. Bxd8 Nxa1 16. Kd2 Be7 17. Bxe7+ Kxe7 18. Bxa6 Nb3+ 19. Ke2 bxa6 20. h3 Rb8 21. Rb1 Nd5 22. Nd1 f5 23. g4 g6 24. f3 Rc8 25. Kd3 Rc1 26. Rxc1 Nxc1+ 27. Kc2 Na2 28. e4 fxe4 29. fxe4 Nf6 30. Nf2 Nb4+ 31. Kc3 a5 32. Kc4 Kd6 33. Kb5 Nc6 34. e5+ Nxe5 35. g5 Nd5 36. Ne4+ Kd7 37. b3 Nf3 38. Kxa5 Kc6 39. b4 Nd4 40. b5+ Kc7 41. Ka6 Nb4+ 42. Ka7 Nd5 43. Nf6 Nxf6 44. gxf6 Kd7 45. b6 e5 46. b7 Nc6+ 47. Kb6 e4 48. f7 Ke7 49. Kxc6 Kxf7 50. b8=Q e3 51. Qe5 1-0


[Site "https://www.chess.com"]